 Dungeon Crawl Stone Soup version 0.27-a0-65-gfb268537a3 (webtiles) character file.

Game seed: 12655117227097154444

353 tatocazan the Sneak (level 6, 0/42 HPs)
             Began as an Octopode Brigand on Jan 9, 2021.
             Was a Follower of Dithmenos.
             Slain by a frilled lizard (1 damage)
             ... on level 4 of the Dungeon.
             The game lasted 00:04:06 (3788 turns).

tatocazan the Sneak (Octopode Brigand)              Turns: 3788, Time: 00:04:07

Health: 0/42       AC:  1    Str: 10    XL:     6   Next: 62%
Magic:  7/7        EV: 14    Int: 13    God:    Dithmenos [*.....]
Gold:   158        SH:  0    Dex: 16    Spells: 5/5 levels left

rFire    . . .     SeeInvis .   a - +3 dagger
rCold    . . .     Faith    .   (no shield)
rNeg     . . .     Spirit   .   (helmet restricted)
rPois    .         Reflect  .   (no amulet)
rElec    .         Harm     .   s - ring of stealth
rCorr    .         Rampage  .   (no ring)
Will     .....                  (no ring)
Stlth    +++++++...             (no ring)
HPRegen  0.14/turn              (no ring)
MPRegen  0.10/turn              (no ring)
                                (no ring)
                                (no ring)

@: lethally poisoned (0 -> -8), flying, wreathed by umbra
A: almost no armour, stealthy swim, amphibious, 8 rings, constrict 8, camouflage
1, gelatinous body 1
a: Renounce Religion


You were on level 4 of the Dungeon.
You worshipped Dithmenos.
Dithmenos was aware of your devotion.
You visited 1 branch of the dungeon, and saw 4 of its levels.

You collected 158 gold pieces.

Inventory:

Hand Weapons
 a - a +3 dagger (weapon)
Missiles
 b - 25 poisoned darts (quivered)
 c - 2 curare-tipped darts
 f - 8 silver boomerangs
Jewellery
 s - a ring of stealth (left tentacle)
Scrolls
 e - a scroll of enchant weapon
 i - 4 scrolls of identify {unknown}
 l - a scroll of amnesia
 n - a scroll of teleportation
 p - a scroll of immolation {unknown}
 q - a scroll of remove curse
 r - a scroll of random uselessness {unknown}
Potions
 d - 2 potions of berserk rage {unknown}
 g - 3 potions of heal wounds {unknown}
 h - 2 potions of flight
 j - 2 potions of degeneration {unknown}
 k - a potion of magic {unknown}
 m - a potion of haste {unknown}
 o - a potion of brilliance {unknown}
 t - a potion of attraction {unknown}


   Skills:
 + Level 3.2 Fighting
 * Level 4.0 Short Blades
 - Level 2.0 Throwing
 + Level 2.5 Dodging
 * Level 7.4 Stealth
 + Level 1.7 Invocations


You had 5 spell levels left.
You didn't know any spells.
Your spell library contained the following spells:

 Spells                   Type           Power        Failure   Level
 Confusing Touch          Hex            0%           67%         3
 Gell's Gravitas          Tloc           0%           67%         3
 Petrify                  Tmut/Erth      0%           97%         4
 Metabolic Englaciation   Hex/Ice        0%           100%        5
 Yara's Violent Unravell  Hex/Tmut       0%           100%        5


Dungeon Overview and Level Annotations

Branches:
Dungeon (4/15)
 Temple: D:4-7

Altars:
Dithmenos
Elyvilon
Fedhas
Hepliaklqana
Nemelex Xobeh
Okawaru
Qazlal
Wu Jian
Zin

Annotations:
D:4 1 transporter


Innate Abilities, Weirdness & Mutations

You cannot wear most types of armour.
You are very stealthy in the water. (Stealth+)
You are amphibious.
You can wear up to eight rings at the same time.
You can use your tentacles to constrict eight enemies at once.
Your skin changes colour to match your surroundings (Stealth+).
Your rubbery body absorbs attacks. (AC +1, EV +1)


Message History

You hit the orc priest.
You kill the orc priest!
Dithmenos accepts your kill.
You feel sick.
The orc wizard hits you with a +0 dagger of venom.
* * * LOW HITPOINT WARNING * * *
You are lethally poisoned!
The orc closely misses you. The frilled lizard bites you.
* * * LOW HITPOINT WARNING * * *
Your Short Blades skill increases to level 4!
You take 6 damage, and have 3/42 hp.
* * * LOW HITPOINT WARNING * * *
You feel sick. The frilled lizard closely misses you.
You take 1 damage, and have 2/42 hp.
It was a potion of flight.
You feel very buoyant.
You fly up into the air.
* * * LOW HITPOINT WARNING * * *
You feel sick. The frilled lizard bites you.
You die...

#...# #.# #......# #...#
#.#.#......# #....
#.#.#......# ...###
#.#.#......# ###.
#.#.#......###### #.#.#..
......... #.#.#.#
#†w....[.
#####.###.#.#.###o.......
................@l.......
....#..##.###.#).o.......
...... .... #.#..........
#######...# #.#..........
.!....#...# #.#..........
......#...# #.#..........
.###..#...# #.#..........
.# #..#... #.#.........
..


You could see a worm, an orc wizard, an orc and a frilled lizard.

Vanquished Creatures
  A gnoll shaman (D:3)
  An orc priest (D:4)
  Natasha (twice) (D:3)
  A worker ant (D:4)
  2 orc wizards
  3 adders
  4 gnolls (D:3)
  An ooze (D:1)
  2 worms (D:2)
  2 dart slugs
  2 leopard geckos (D:2)
  8 orcs
  2 ball pythons
  6 giant cockroaches
  8 goblins
  7 hobgoblins
  9 kobolds
  A quokka (D:3)
  9 bats
  5 frilled lizards
  8 rats
84 creatures vanquished.

Vanquished Creatures (others)
  4 fungi (D:2)
  A plant (D:2)
5 creatures vanquished.

Grand Total: 89 creatures vanquished

Notes
Turn   | Place    | Note
-------+----------+-------------------------------------------
     0 | D:1      | tatocazan the Octopode Brigand began the quest for the Orb.
     0 | D:1      | Reached XP level 1. HP: 14/14 MP: 1/1
   143 | D:1      | Reached XP level 2. HP: 17/19 MP: 2/2
   195 | D:1      | You fall into a shaft and drop 1 floor!
   718 | D:1      | Reached XP level 3. HP: 24/24 MP: 3/3
  1200 | D:2      | Found a blossoming altar of Fedhas.
  1214 | D:2      | Reached skill level 6 in Stealth
  1375 | D:2      | Found a stormy altar of Qazlal.
  1610 | D:2      | Reached XP level 4. HP: 9/30 MP: 4/4
  1903 | D:2      | Found a hazy altar of Hepliaklqana.
  1906 | D:2      | Found a shadowy altar of Dithmenos.
  1906 | D:2      | Noticed a shadow
  2091 | D:2      | Became a worshipper of Dithmenos the Shadowed
  2725 | D:3      | Reached XP level 5. HP: 32/36 MP: 5/5
  2797 | D:3      | Reached skill level 1 in Invocations
  3053 | D:3      | Found a glowing silver altar of Zin.
  3288 | D:3      | Noticed Natasha
  3290 | D:3      | Killed Natasha
  3295 | D:3      | Reached XP level 6. HP: 42/42 MP: 6/6
  3304 | D:3      | Found an ornate altar of the Wu Jian Council.
  3339 | D:3      | Found a sparkling altar of Nemelex Xobeh.
  3339 | D:3      | Found a white marble altar of Elyvilon.
  3388 | D:3      | Reached * piety under Dithmenos
  3389 | D:3      | Reached skill level 7 in Stealth
  3526 | D:3      | Noticed Natasha
  3539 | D:3      | Killed Natasha
  3612 | D:4      | Found an iron altar of Okawaru.
  3628 | D:4      | Found a transporter.
  3787 | D:4      | HP: 2/42 [poisoned by an orc wizard]
  3788 | D:4      | Slain by a frilled lizard

Illustrated notes

Levels and vault maps discovered:
D:1:      heliophobic_arrival_enchanted_forest, layout_loops_ring
D:2:      layout_basic, grunt_temple_overflow_forces_of_nature,
          riverfiend_overflow_shadow_ancestor
D:3:      layout_rooms, pdpol_wu_jian_five_deadly_venoms, minitemple,
          uniq_natasha
D:4:      layout_basic, okawaru_ov_weapons_minmay, gammafunk_ghost_mausoleum

Skill      XL: |  1  2  3  4  5  6 |
---------------+-------------------+-----
Stealth        | 6 7 |  7.4
Short Blades   | 3 4 |  4.0
Dodging        | 2 |  2.5
Invocations    | 1 |  1.7
Fighting       | 3 |  3.2
Throwing       | |  2.0

Action                   |  1- 3 |  4- 6 || total
-------------------------+-------+-------++-------
Melee: Dagger            |    68 |   116 ||   184
       Constrict         |    14 |    29 ||    43
       Tentacles         |     7 |    22 ||    29
  Use: Scroll            |     4 |     1 ||     5
       Potion            |       |     1 ||     1
 Stab: Sleeping          |    12 |    13 ||    25
       Distracted        |       |     1 ||     1
Armor: Skin              |     2 |    11 ||    13
Dodge: Dodged            |    32 |    82 ||   114

Table legend: (Time is in decaauts)
 A = Elapsed time spent in this place.
 B = Non-inter-level travel time spent in this place.
 C = Inter-level travel time spent in this place.
 D = Time resting spent in this place.
 E = Time spent auto-exploring this place.
 F = Levels seen in this place.
 G = Mean time per level.
                   A        B        C        D        E       F      G
               +--------+--------+--------+--------+--------+-----+--------+
         Total |   3768 |   3616 |    152 |   1110 |   1960 |   4 |  942.0 |
       Dungeon |   3768 |   3616 |    152 |   1110 |   1960 |   4 |  942.0 |
               +--------+--------+--------+--------+--------+-----+--------+

Top non-repeatable levels by time:
     D:3: 1252 daAuts
     D:2: 1184 daAuts
     D:1: 1161 daAuts
     D:4: 170 daAuts
